Map: Echo of the past

Players

Tesla

  • Race: Protoss Protoss

ZurieL - Winner!

  • Race: Terran Terran
  • League: Diamond

VOD

Have the link to the VOD?

Description

Time

  • Played on: Aug. 2, 2016, 1:59 p.m.
  • Length: 18:10
Show
View Real Time Build Order
Export as new Build Order

Tesla Protoss 

Build Orders:  

Get SALT Encoding   

  12  0:01  Probe (Chrono Boost)  
  13  0:11  Probe (Chrono Boost)  
  14  0:17  Pylon  
  14  0:22  Probe (Chrono Boost)  
  16  0:35  Probe (Chrono Boost)  
  16  0:37  Gateway  
  16  0:44  Assimilator  
  16  0:46  Probe (Chrono Boost)  
  18  0:57  Probe (Chrono Boost)  
  18  1:02  Pylon  
  18  1:07  Probe (Chrono Boost)  
  19  1:18  Probe (Chrono Boost)  
  20  1:24  Cybernetics Core  
  20  1:28  Probe (Chrono Boost)  
  21  1:39  Probe (Chrono Boost)  
  22  1:54  Nexus, Probe (Chrono Boost)  
  22  1:57  Warp Gate  
  23  2:04  Assimilator  
  23  2:05  Probe (Chrono Boost)  
  25  2:16  Mothership Core (Chrono Boost)  
  25  2:19  Adept  
  27  2:34  Probe (Chrono Boost)  
  28  2:45  Probe (Chrono Boost)  
  28  2:55  Probe (Chrono Boost)  
  29  3:05  Twilight Council  
  29  3:06  Probe (Chrono Boost)  
  29  3:07  Robotics Facility  
  29  3:09  Probe (Chrono Boost)  
  29  3:10  Pylon  
  31  3:16  Pylon  
  31  3:17  Probe (Chrono Boost)  
  31  3:19  Probe (Chrono Boost), Adept  
  35  3:29  Pylon  
  35  3:30  Resonating Glaives  
  35  3:33  Assimilator  
  35  3:36  Assimilator  
  35  3:37  Probe (Chrono Boost)  
  35  3:38  Probe (Chrono Boost)  
  39  3:48  Probe (Chrono Boost)  
  39  3:49  Probe (Chrono Boost)  
  39  3:51  Observer  
  40  4:04  Gateway  
  40  4:06  Gateway  
  40  4:07  Probe (Chrono Boost)  
  40  4:09  Probe (Chrono Boost)  
  42  4:10  Observer  
  42  4:14  Sentry  
  45  4:20  Probe (Chrono Boost)  
  45  4:21  Probe (Chrono Boost)  
  47  4:26  Forge  
  47  4:28  Pylon  
  48  4:32  Probe (Chrono Boost)  
  48  4:33  Probe (Chrono Boost)  
  49  4:40  Stalker  
  49  4:44  Protoss Ground Weapons Level 1, Probe (Chrono Boost)  
  53  4:45  Probe (Chrono Boost)  
  53  4:50  Immortal  
  57  4:55  Blink  
  57  4:56  Probe (Chrono Boost)  
  57  4:57  Probe (Chrono Boost)  
  60  5:08  Probe (Chrono Boost)  
  60  5:09  Adept  
  60  5:10  Probe (Chrono Boost), Sentry  
  65  5:17  Adept  
  65  5:20  Probe (Chrono Boost)  
  69  5:22  Probe (Chrono Boost)  
  69  5:28  Gateway  
  69  5:33  Pylon  
  69  5:34  Probe (Chrono Boost)  
  69  5:35  Probe (Chrono Boost)  
  71  5:37  Pylon  
  71  5:38  Stalker  
  71  5:42  Stalker  
  75  5:44  Sentry  
  77  5:52  Probe (Chrono Boost)  
  77  5:53  Probe (Chrono Boost)  
  77  5:55  Immortal  
  83  6:03  Stargate  
  83  6:06  Pylon  
  83  6:09  Stalker x2  
  87  6:14  Probe (Chrono Boost), Adept  
  90  6:25  Gateway  
  90  6:27  Protoss Ground Armor Level 1, Gateway  
  90  6:30  Pylon  
  92  6:33  Probe x2 (Chrono Boost)  
  92  6:35  Stalker  
  94  6:40  Warp Prism  
  94  6:46  Probe x2 (Chrono Boost)  
  98  6:49  Stalker  
  98  6:51  Adept  
  102  7:02  Stalker, Probe (Chrono Boost)  
  102  7:04  Adept  
  106  7:09  Phoenix  
  108  7:17  Templar Archives  
  108  7:19  Dark Shrine  
  108  7:21  Pylon  
  108  7:25  Probe x2 (Chrono Boost)  
  110  7:34  Pylon  
  110  7:37  Nexus  
  110  7:39  Phoenix  
  110  7:41  Probe x2 (Chrono Boost)  
  110  7:43  Adept  
  116  7:47  Observer  
  117  8:04  Adept x4  
  125  8:12  Stalker x2  
  97  8:25  Stalker x3  
  97  8:26  Stalker  
  99  8:31  Immortal  
  99  8:32  Phoenix  
  105  8:38  Dark Templar  
  107  8:45  Protoss Ground Weapons Level 2  
  107  8:54  Assimilator  
  107  8:56  Assimilator  
  107  9:00  Gateway x2  
  107  9:01  Pylon  
  107  9:04  Gateway  
  107  9:08  Sentry  
  107  9:09  Sentry  
  111  9:11  Adept  
  113  9:20  Immortal  
  117  9:40  Stalker  
  117  9:41  Stalker x4  
  126  9:55  Stalker  
  126  9:59  Immortal  
  132  10:05  High Templar  
  134  10:07  High Templar  
  134  10:08  Zealot x2  
  134  10:09  Zealot x4  
  134  10:12  Archon  
  148  10:25  Pylon  
  148  10:29  Pylon  
  148  10:32  Pylon  
  148  10:35  Pylon  
  148  10:43  Phoenix  
  148  10:45  Stalker  
  148  10:46  Stalker x2  
  148  10:47  Zealot  
  158  10:59  Pylon  
  158  11:00  Pylon  
  158  11:02  Pylon  
  158  11:03  Immortal  
  162  11:04  Pylon  
  162  11:09  Pylon, Dark Templar x4  
  166  11:28  Stalker x5  
  174  11:42  Immortal  
  159  11:48  Dark Templar  
  159  11:53  Dark Templar  
  159  11:54  Dark Templar x2  
  124  12:36  Nexus  
  120  12:38  Pylon  
  103  13:03  Pylon  
  103  13:10  Assimilator  
  103  13:14  Assimilator  
  103  13:16  Pylon  
  103  13:18  Pylon  
  103  14:57  Pylon  
  99  15:53  Pylon  
  14  16:44  Probe (Chrono Boost)  
  13  16:54  Probe (Chrono Boost)  
  10  17:08  Probe (Chrono Boost)  
  7  17:18  Probe (Chrono Boost)  
  8  17:29  Probe (Chrono Boost)  
  9  17:40  Probe (Chrono Boost)  
  10  17:50  Probe (Chrono Boost)  
Show
View Real Time Build Order
Export as new Build Order

ZurieL Terran - Winner!

Build Orders: Reaper Expand, MMM Bio 

Get SALT Encoding   

  12  0:01  SCV  
  13  0:13  SCV  
  14  0:17  Supply Depot  
  14  0:25  SCV  
  15  0:38  SCV  
  15  0:40  Barracks  
  16  0:45  Refinery  
  16  0:50  SCV  
  17  1:02  SCV  
  18  1:15  SCV  
  19  1:30  Reaper  
  19  1:31  Orbital Command  
  20  1:52  Command Center  
  20  1:53  Refinery  
  20  1:58  SCV, Supply Depot  
  21  2:03  Barracks Reactor  
  21  2:13  SCV  
  22  2:23  Factory  
  22  2:25  SCV  
  23  2:38  SCV  
  24  2:48  Marine x2  
  26  2:58  SCV  
  26  3:04  Supply Depot  
  26  3:05  Marine  
  26  3:06  Marine  
  26  3:07  Barracks  
  26  3:08  Widow Mine, Starport  
  30  3:19  SCV  
  31  3:23  Marine x2  
  33  3:28  Orbital Command  
  33  3:31  SCV  
  34  3:38  Factory Tech Lab  
  34  3:44  SCV  
  34  3:45  Starport Reactor  
  35  3:55  SCV  
  36  3:56  SCV  
  36  3:58  Barracks Tech Lab  
  37  4:08  SCV  
  38  4:12  SCV  
  38  4:16  Command Center  
  39  4:20  Stimpack, SCV  
  39  4:21  Siege Tank  
  43  4:24  SCV  
  43  4:26  Refinery  
  44  4:32  SCV  
  44  4:36  SCV  
  44  4:37  Medivac  
  44  4:38  Medivac  
  50  4:44  SCV  
  51  4:47  Barracks  
  51  4:48  SCV  
  52  4:56  SCV  
  52  4:58  Refinery  
  53  5:05  Siege Tank  
  53  5:06  Supply Depot x2  
  56  5:13  Engineering Bay  
  56  5:17  Engineering Bay  
  56  5:19  SCV x2  
  58  5:31  SCV  
  58  5:34  Marauder, Marine x2  
  58  5:35  Barracks Tech Lab  
  63  5:38  Armory  
  63  5:39  SCV  
  64  5:44  SCV  
  64  5:45  Orbital Command  
  65  5:50  Terran Infantry Armor Level 1, Terran Infantry Weapons Level 1  
  65  5:55  Liberator  
  65  5:56  Combat Shields  
  65  5:57  Liberator, Barracks  
  65  5:59  SCV x2  
  68  6:11  SCV x2  
  75  6:23  SCV x2  
  77  6:25  Orbital Command  
  77  6:27  Marine  
  77  6:28  Marauder, Marine  
  81  6:33  Supply Depot  
  81  6:34  Concussive Shells  
  81  6:36  Terran Vehicle Weapons Level 1, Supply Depot  
  81  6:37  SCV  
  82  6:41  Missile Turret  
  82  6:44  Marine x2  
  82  6:45  Missile Turret, Marine  
  85  6:50  Marauder  
  87  6:59  Siege Tank  
  87  7:00  SCV x2  
  92  7:01  Missile Turret  
  92  7:03  Missile Turret x2  
  92  7:10  Missile Turret  
  92  7:12  Missile Turret  
  92  7:24  Medivac x2  
  92  7:28  Barracks Reactor  
  96  7:36  Marauder, Marine x2  
  100  7:42  Marine  
  101  7:53  Marine x2  
  101  7:55  Supply Depot  
  101  7:56  Supply Depot  
  101  7:58  Marauder  
  105  8:00  Marine  
  106  8:09  Marine x2  
  106  8:11  Marine x2  
  95  8:18  Marauder  
  95  8:19  Marauder  
  86  8:26  Marine  
  86  8:27  Marine  
  84  8:29  Marine x2  
  87  8:35  Barracks  
  87  8:37  Barracks  
  87  8:38  Barracks  
  87  8:39  SCV x2  
  87  8:40  Marauder x2  
  93  8:42  Refinery  
  93  8:44  SCV, Refinery, Marine x2  
  93  8:47  Marine x2  
  98  8:50  Terran Infantry Armor Level 2, Terran Infantry Weapons Level 2  
  98  8:51  SCV x2  
  100  8:56  SCV  
  100  8:58  Siege Tank  
  100  9:00  Terran Vehicle Weapons Level 2  
  100  9:01  Marauder  
  100  9:02  Marauder, Marine x2  
  109  9:04  SCV x2  
  109  9:05  Marine x2  
  114  9:18  SCV x2  
  114  9:20  Marine  
  114  9:23  Marauder x2  
  121  9:29  Barracks Tech Lab  
  121  9:31  Barracks Reactor  
  121  9:32  Marine x2  
  121  9:34  Marine  
  121  9:36  Command Center  
  121  9:38  Marine  
  125  9:40  Barracks Reactor  
  125  9:50  Marauder, Marine  
  125  9:53  Marine x2  
  125  10:04  Supply Depot x2  
  125  10:05  Supply Depot  
  125  10:07  Supply Depot  
  125  10:09  Supply Depot  
  125  10:19  Marauder x2, Medivac, Marine  
  132  10:23  Factory, Marine  
  132  10:24  Factory  
  132  10:25  Medivac, Marine  
  132  10:26  Marauder  
  138  10:30  Supply Depot, Marine x3  
  138  10:33  Supply Depot  
  141  10:38  Marine x2  
  141  10:40  Marine, Supply Depot  
  141  10:41  Marauder  
  141  10:42  Marine x2, Supply Depot  
  147  10:43  Marine  
  147  10:47  Marauder  
  147  10:49  Medivac  
  153  10:55  Medivac  
  153  10:56  Marine x3  
  158  10:59  Marauder  
  158  11:02  Marauder  
  162  11:05  Orbital Command  
  162  11:06  Starport  
  162  11:09  Marauder, Missile Turret  
  162  11:10  Marine x3  
  167  11:19  Medivac  
  167  11:20  Marauder  
  166  11:25  Medivac  
  166  11:29  Marauder, Marine x2  
  166  11:30  Marauder  
  173  11:52  Widow Mine  
  118  13:44  Engineering Bay x2  
  118  13:46  Orbital Command  
  117  14:21  Missile Turret  
  117  14:22  Missile Turret  
  115  14:26  Missile Turret  
  113  14:41  Refinery  
  113  14:42  Refinery  
  110  14:54  Missile Turret  
  110  15:02  Supply Depot  
  110  15:03  Supply Depot  
  110  15:05  Orbital Command  
  110  15:06  Supply Depot  
  110  15:18  Missile Turret  
  110  15:24  Missile Turret  
  110  15:27  Missile Turret, Supply Depot  
  110  15:28  Supply Depot  
  110  15:32  Supply Depot  
  110  15:54  Barracks x2  
  110  15:55  Barracks  
  110  15:56  Barracks  
  110  16:00  Barracks  
  95  16:10  SCV  
  55  16:22  SCV  
  39  16:34  SCV  
  33  16:43  Marine  
  33  16:44  Marine x3  
  33  16:46  SCV  
  32  16:52  Marine  
  29  16:58  SCV  
  26  17:01  Marine  
  26  17:02  Marine  
  26  17:08  Orbital Command  
  26  17:24  Marine  
  27  17:43  SCV  
  27  17:44  SCV  
  29  17:55  SCV  
  29  17:56  SCV  
Tags
 
Add a new tag
Caveats
  • Supply blocks, unpowered buildings, or Contaminate may cause inaccurate times.
  • Supply counts are checked every 10 seconds.